TOP OF THE 1ST |
Augusta Timber Hawks batting - Pitching for Key West Coral Reefers : RHP Javier Contreras
|
Pitching: RHP Javier Contreras
|
|
Batting: LHB Carlos Medellín
|
0-0: Ball 1-0: Ball 2-0: Called Strike 2-1: Ball 3-1: Called Strike 3-2: Base on Balls
|
Batting: RHB Krystof Melichar
|
0-0: Called Strike 0-1: Foul Ball, location: 2F 0-2: SINGLE (Groundball, 6MD) Carlos Medellín to second Carlos Medellín to third
|
Batting: RHB Eugene Bennett
|
0-0: Ball Krystof Melichar is caught stealing 2nd base 1-0: Foul Ball, location: 2F 1-1: Ground out 5-3 (Groundball, 56) Carlos Medellín scores
|
Batting: LHB Mike Goff
|
0-0: Called Strike 0-1: Foul Ball, location: 2F 0-2: Foul Ball, location: 2F 0-2: Strikes out swinging
|
Top of the 1st over - 1 run, 1 hit, 0 errors, 0 left on base; Augusta 1 - Key West 0 |
BOTTOM OF THE 1ST |
Key West Coral Reefers batting - Pitching for Augusta Timber Hawks : RHP Gary Mason
|
Pitching: RHP Gary Mason
|
|
Batting: RHB Miguel Montoya
|
0-0: Called Strike 0-1: Swinging Strike 0-2: SINGLE (Groundball, 6MD)
|
Batting: LHB Jordan Westacott
|
0-0: Ball 1-0: Fly out, F6 (Popup, 6)
|
Batting: SHB Tony Walsh
|
0-0: Called Strike 0-1: Foul Ball, location: 2F 0-2: Ball Miguel Montoya is caught stealing 2nd base 1-2: Foul Ball, location: 2F 1-2: Strikes out swinging
|
Bottom of the 1st over - 0 runs, 1 hit, 0 errors, 0 left on base; Augusta 1 - Key West 0 |
TOP OF THE 2ND |
Augusta Timber Hawks batting - Pitching for Key West Coral Reefers : RHP Javier Contreras
|
Batting: RHB Jesús Recesvinto
|
0-0: Ball 1-0: Ball 2-0: Called Strike 2-1: Ground out 6-3 (Groundball, 6M)
|
Batting: SHB Yun-qi Chien
|
0-0: Ball 1-0: Ball 2-0: Ball 3-0: Base on Balls
|
Batting: LHB Seung-soo Ch'ae
|
0-0: Ball 1-0: 2-RUN HOME RUN (Flyball, 89XD), Distance : 389 ft
|
Batting: LHB Damian Delaney
|
0-0: Ball 1-0: Ball 2-0: Foul Ball, location: 2F 2-1: Swinging Strike 2-2: Ball 3-2: Base on Balls
|
Batting: LHB Randy Sallah
|
0-0: Ball 1-0: Ball 2-0: Ball 3-0: Base on Balls Damian Delaney to second
|
Batting: LHB Carlos Medellín
|
0-0: Called Strike Damian Delaney steals 3rd base Randy Sallah to second 0-1: Foul Ball, location: 2F 0-2: Ball 1-2: Ball 2-2: Ball 3-2: Fly out, F8 (Flyball, 8RD) Runner from 3rd tags up, OUT at HOME
|
Top of the 2nd over - 2 runs, 1 hit, 0 errors, 1 left on base; Augusta 3 - Key West 0 |
BOTTOM OF THE 2ND |
Key West Coral Reefers batting - Pitching for Augusta Timber Hawks : RHP Gary Mason
|
Batting: RHB Arturo Scantlebury
|
0-0: Called Strike 0-1: Ball 1-1: Ground out 4-3 (Groundball, 34)
|
Batting: SHB Dave Atkins
|
0-0: Ball 1-0: Ball 2-0: Swinging Strike 2-1: Ball 3-1: Foul Ball, location: 2F 3-2: Foul Ball, location: 2F 3-2: Foul Ball, location: 2F 3-2: Foul Ball, location: 2F 3-2: Base on Balls
|
Batting: SHB Juan Carlos Santos
|
0-0: Called Strike 0-1: Ball 1-1: SINGLE (Line Drive, 8LS) Dave Atkins to second
|
Batting: RHB Craig Tricket
|
0-0: Swinging Strike 0-1: Foul Ball, location: 2F 0-2: Strikes out swinging
|
Batting: RHB Ken Moore
|
0-0: Ball 1-0: Called Strike 1-1: Swinging Strike 1-2: Ball 2-2: Foul Ball, location: 2F 2-2: Strikes out looking
|
Bottom of the 2nd over - 0 runs, 1 hit, 0 errors, 2 left on base; Augusta 3 - Key West 0 |
TOP OF THE 3RD |
Augusta Timber Hawks batting - Pitching for Key West Coral Reefers : RHP Javier Contreras
|
Batting: RHB Krystof Melichar
|
0-0: Ball 1-0: Foul Ball, location: 2F 1-1: Foul Ball, location: 2F 1-2: Ball 2-2: Reached on error, E5 (Groundball, 56)
|
Batting: RHB Eugene Bennett
|
0-0: Ball Krystof Melichar is caught stealing 2nd base 1-0: Ball 2-0: Ball 3-0: Base on Balls
|
Batting: LHB Mike Goff
|
0-0: Ball 1-0: Foul Ball, location: 2F 1-1: SINGLE (Flyball, 8LS) Eugene Bennett to second Runner from 2nd tries for 3rd, SAFE, throw made to third
|
Batting: RHB Jesús Recesvinto
|
0-0: Foul Ball, location: 2F 0-1: Called Strike 0-2: Ball 1-2: Strikes out looking
|
Batting: SHB Yun-qi Chien
|
0-0: Ball 1-0: Ball 2-0: Ball 3-0: Foul Ball, location: 2F 3-1: Fly out, F6 (Popup, 6D)
|
Top of the 3rd over - 0 runs, 1 hit, 1 error, 2 left on base; Augusta 3 - Key West 0 |
BOTTOM OF THE 3RD |
Key West Coral Reefers batting - Pitching for Augusta Timber Hawks : RHP Gary Mason
|
Batting: RHB Juan Martínez
|
0-0: Called Strike 0-1: Called Strike 0-2: Ball 1-2: Ball 2-2: Strikes out swinging
|
Batting: RHB Miguel Montoya
|
0-0: SINGLE (Groundball, 6D)
|
Batting: LHB Jordan Westacott
|
0-0: Called Strike 0-1: Called Strike 0-2: Ball 1-2: Ball 2-2: Strikes out swinging
|
Batting: SHB Tony Walsh
|
0-0: Ball Miguel Montoya steals 2nd base 1-0: Ground out U3 (Groundball, 34S)
|
Bottom of the 3rd over - 0 runs, 1 hit, 0 errors, 1 left on base; Augusta 3 - Key West 0 |
TOP OF THE 4TH |
Augusta Timber Hawks batting - Pitching for Key West Coral Reefers : RHP Javier Contreras
|
Batting: LHB Seung-soo Ch'ae
|
0-0: Foul Ball, location: 2F 0-1: Ball 1-1: Ball 2-1: Ball 3-1: Foul Ball, location: 2F 3-2: DOUBLE (Line Drive, 9LM)
|
Batting: LHB Damian Delaney
|
0-0: Hit by Pitch
|
Batting: LHB Randy Sallah
|
0-0: Ball 1-0: Foul Ball, location: 2F 1-1: Swinging Strike 1-2: Ball 2-2: Ball 3-2: Base on Balls Seung-soo Ch'ae to third Damian Delaney to second
|
Batting: LHB Carlos Medellín
|
0-0: Called Strike 0-1: Ball 1-1: Ground out 4-3 (Groundball, 4S) Seung-soo Ch'ae scores Damian Delaney to third Randy Sallah to second
|
Batting: RHB Krystof Melichar
|
0-0: Ground out U3 (Groundball, 3S)
|
Batting: RHB Eugene Bennett
|
0-0: Called Strike 0-1: Ball 1-1: Foul Ball, location: 2F 1-2: SINGLE (Line Drive, 6MD) Damian Delaney scores Randy Sallah to third Runner from 3rd tries for Home, SAFE, no throw
|
Batting: LHB Mike Goff
|
0-0: Ball Eugene Bennett is caught stealing 2nd base
|
Top of the 4th over - 3 runs, 2 hits, 0 errors, 0 left on base; Augusta 6 - Key West 0 |
BOTTOM OF THE 4TH |
Key West Coral Reefers batting - Pitching for Augusta Timber Hawks : RHP Gary Mason
|
Batting: RHB Arturo Scantlebury
|
0-0: Called Strike 0-1: Ball 1-1: Fly out, F9 (Flyball, 9S)
|
Batting: SHB Dave Atkins
|
0-0: Ball 1-0: Ball 2-0: Called Strike 2-1: Foul Ball, location: 2F 2-2: Ball 3-2: Foul Ball, location: 2F 3-2: Fly out, F7 (Flyball, 7)
|
Batting: SHB Juan Carlos Santos
|
0-0: Called Strike 0-1: Foul Ball, location: 2F 0-2: Ball 1-2: Ball 2-2: Ground out 4-3 (Groundball, 4)
|
Bottom of the 4th over - 0 runs, 0 hits, 0 errors, 0 left on base; Augusta 6 - Key West 0 |
TOP OF THE 5TH |
Augusta Timber Hawks batting - Pitching for Key West Coral Reefers : RHP Javier Contreras
|
Batting: LHB Mike Goff
|
0-0: Swinging Strike 0-1: Ground out U3 (Groundball, 3)
|
Batting: RHB Jesús Recesvinto
|
0-0: Ball 1-0: Ball 2-0: Ball 3-0: Called Strike 3-1: Foul Ball, location: 2F 3-2: Foul Ball, location: 2F 3-2: Foul Ball, location: 2F 3-2: Foul Ball, location: 2F 3-2: Foul Ball, location: 2F 3-2: Foul Ball, location: 2F 3-2: Foul Ball, location: 2F 3-2: Ground out 5-3 (Groundball, 56S)
|
Batting: SHB Yun-qi Chien
|
0-0: Called Strike 0-1: Called Strike 0-2: Ground out 2-3 (Groundball, 2R)
|
Top of the 5th over - 0 runs, 0 hits, 0 errors, 0 left on base; Augusta 6 - Key West 0 |
BOTTOM OF THE 5TH |
Key West Coral Reefers batting - Pitching for Augusta Timber Hawks : RHP Gary Mason
|
Batting: RHB Craig Tricket
|
0-0: SINGLE (Groundball, 6D)
|
Batting: RHB Ken Moore
|
0-0: Foul Ball, location: 2F 0-1: Ball 1-1: Ball 2-1: Fly out, F4 (Popup, 4)
|
Batting: RHB Juan Martínez
|
0-0: Called Strike 0-1: Ball 1-1: Swinging Strike 1-2: Foul Ball, location: 2F 1-2: Grounds into double play, 4-6-3 (Groundball, 4)
|
Bottom of the 5th over - 0 runs, 1 hit, 0 errors, 0 left on base; Augusta 6 - Key West 0 |
TOP OF THE 6TH |
Augusta Timber Hawks batting - Pitching for Key West Coral Reefers : RHP Javier Contreras
|
Pitching: LHP Marvin Wasmund
|
|
Batting: LHB Seung-soo Ch'ae
|
0-0: Ground out U3 (Groundball, 3)
|
Batting: LHB Damian Delaney
|
0-0: SINGLE (Groundball, 4MD)
|
Batting: LHB Randy Sallah
|
0-0: Ball 1-0: Called Strike 1-1: Swinging Strike 1-2: Strikes out swinging
|
Batting: LHB Carlos Medellín
|
0-0: Ball 1-0: Ball 2-0: Foul Ball, location: 2F 2-1: Ball 3-1: Foul Ball, location: 2F 3-2: Strikes out swinging
|
Top of the 6th over - 0 runs, 1 hit, 0 errors, 1 left on base; Augusta 6 - Key West 0 |
BOTTOM OF THE 6TH |
Key West Coral Reefers batting - Pitching for Augusta Timber Hawks : RHP Gary Mason
|
Batting: RHB Miguel Montoya
|
0-0: Ball 1-0: Called Strike 1-1: Called Strike 1-2: Foul Ball, location: 2F 1-2: Strikes out looking
|
Batting: LHB Jordan Westacott
|
0-0: Ball 1-0: Foul Ball, location: 2F 1-1: Ground out U3 (Groundball, 34)
|
Batting: SHB Tony Walsh
|
0-0: Foul Ball, location: 2F 0-1: Ball 1-1: Ball 2-1: Called Strike 2-2: Ground out 4-3 (Groundball, 4)
|
Bottom of the 6th over - 0 runs, 0 hits, 0 errors, 0 left on base; Augusta 6 - Key West 0 |
TOP OF THE 7TH |
Augusta Timber Hawks batting - Pitching for Key West Coral Reefers : LHP Marvin Wasmund
|
Batting: RHB Krystof Melichar
|
0-0: Ball 1-0: Fly out, F9 (Flyball, 89M)
|
Batting: RHB Eugene Bennett
|
0-0: Ball 1-0: Reached on error, E6 (Groundball, 6)
|
Batting: LHB Mike Goff
|
0-0: Called Strike 0-1: Called Strike 0-2: Foul Ball, location: 2F 0-2: Foul Ball, location: 2F 0-2: Ball 1-2: Strikes out looking
|
Batting: RHB Jesús Recesvinto
|
0-0: Fly out, F2 (Popup, 3SF)
|
Top of the 7th over - 0 runs, 0 hits, 1 error, 1 left on base; Augusta 6 - Key West 0 |
BOTTOM OF THE 7TH |
Key West Coral Reefers batting - Pitching for Augusta Timber Hawks : RHP Gary Mason
|
Batting: RHB Arturo Scantlebury
|
0-0: Ball 1-0: Ball 2-0: Ball 3-0: SOLO HOME RUN (Flyball, 9LD), Distance : 349 ft
|
Batting: SHB Dave Atkins
|
0-0: Called Strike 0-1: Foul Ball, location: 2F 0-2: Strikes out swinging
|
Pitching: RHP Woody Hudson
|
|
Batting: SHB Juan Carlos Santos
|
0-0: Called Strike 0-1: Foul Ball, location: 2F 0-2: Ball 1-2: Ground out 1-3 (Groundball, 15S)
|
Batting: RHB Craig Tricket
|
0-0: Foul Ball, location: 2F 0-1: Ball 1-1: Ball 2-1: DOUBLE (Line Drive, 8LXD)
|
Batting: RHB Ken Moore
|
0-0: Ball 1-0: Ground out U3 (Groundball, 3)
|
Bottom of the 7th over - 1 run, 2 hits, 0 errors, 1 left on base; Augusta 6 - Key West 1 |
TOP OF THE 8TH |
Augusta Timber Hawks batting - Pitching for Key West Coral Reefers : LHP Marvin Wasmund
|
Batting: SHB Yun-qi Chien
|
0-0: Ball 1-0: Called Strike 1-1: Ball 2-1: Foul Ball, location: 2F 2-2: Fly out, F3 (Line Drive, 34S)
|
Batting: LHB Seung-soo Ch'ae
|
0-0: Ball 1-0: Fly out, F1 (Line Drive, 13S)
|
Batting: LHB Damian Delaney
|
0-0: Called Strike 0-1: Ground out U3 (Groundball, 34)
|
Top of the 8th over - 0 runs, 0 hits, 0 errors, 0 left on base; Augusta 6 - Key West 1 |
BOTTOM OF THE 8TH |
Key West Coral Reefers batting - Pitching for Augusta Timber Hawks : RHP Woody Hudson
|
Batting: RHB Juan Martínez
|
0-0: Ball 1-0: Ground out 4-3 (Groundball, 4)
|
Batting: RHB Miguel Montoya
|
0-0: Called Strike 0-1: Ball 1-1: Fly out, F8 (Flyball, 8RD)
|
Batting: LHB Jordan Westacott
|
0-0: Ball 1-0: Ball 2-0: Foul Ball, location: 2F 2-1: Called Strike 2-2: Ball 3-2: Base on Balls
|
Batting: SHB Tony Walsh
|
0-0: Ball 1-0: Foul Ball, location: 2F 1-1: Fly out, F9 (Flyball, 9S)
|
Bottom of the 8th over - 0 runs, 0 hits, 0 errors, 1 left on base; Augusta 6 - Key West 1 |
TOP OF THE 9TH |
Augusta Timber Hawks batting - Pitching for Key West Coral Reefers : LHP Marvin Wasmund
|
Batting: LHB Randy Sallah
|
0-0: Called Strike 0-1: Foul Ball, location: 2F 0-2: Ball 1-2: Foul Ball, location: 2F 1-2: Strikes out swinging
|
Batting: LHB Carlos Medellín
|
0-0: SINGLE (Flyball, 89S)
|
Batting: RHB Krystof Melichar
|
0-0: Called Strike Carlos Medellín is caught stealing 2nd base 0-1: Called Strike 0-2: Strikes out swinging
|
Top of the 9th over - 0 runs, 1 hit, 0 errors, 0 left on base; Augusta 6 - Key West 1 |
BOTTOM OF THE 9TH |
Key West Coral Reefers batting - Pitching for Augusta Timber Hawks : RHP Woody Hudson
|
Batting: RHB Arturo Scantlebury
|
0-0: Ball 1-0: Ball 2-0: Ball 3-0: Called Strike 3-1: Ground out 5-3 (Groundball, 56S)
|
Batting: SHB Dave Atkins
|
0-0: Called Strike 0-1: Ground out 4-3 (Groundball, 4)
|
Batting: SHB Juan Carlos Santos
|
0-0: Ball 1-0: Ball 2-0: Called Strike 2-1: Ball 3-1: SINGLE (Line Drive, 4MD)
|
Batting: RHB Craig Tricket
|
0-0: Ball 1-0: Foul Ball, location: 2F 1-1: Ball 2-1: Ball 3-1: Fielders Choice at 2nd, 6-4 (Groundball, 6)
|
Bottom of the 9th over - 0 runs, 1 hit, 0 errors, 1 left on base; Augusta 6 - Key West 1 |
|